 Dungeon Crawl Stone Soup version 0.26.1-2-gb8aa6d0cf2 (webtiles) character file.

Game seed: 16486248777707824772

308 Gadfly the Brooding (level 6, -13/42 HPs)
             Began as a Demonspawn Monk on Feb 8, 2021.
             Was a Priest of Hepliaklqana.
             Mangled by Menkaure (14 damage)
             ... on level 4 of the Dungeon.
             The game lasted 00:04:16 (2993 turns).

Gadfly the Brooding (Demonspawn Monk)               Turns: 2993, Time: 00:04:16

Health: -13/42     AC: 12    Str: 19    XL:     6   Next: 17%
Magic:  9/9        EV:  7    Int: 11    God:    Hepliaklqana [***...]
Gold:   132        SH:  0    Dex: 16    Spells: 5/5 levels left

rFire    + . .     SeeInvis .   a - +0 hand axe
rCold    . . .     Faith    .   (no shield)
rNeg     . . .     Spirit   .   c - +1 plate armour
rPois    .         Reflect  .   (helmet restricted)
rElec    .         Harm     .   (no cloak)
rCorr    .         Rampage  .   (no gloves)
Will     .....                  (no boots)
Stlth    ..........             (no amulet)
HPRegen  0.14/turn              d - +6 ring of strength
MPRegen  0.11/turn              (no ring)

@: no status effects
A: reduced essence, horns 1, fire resistance 1, spiny 2
a: Renounce Religion, Recall Ancestor, Ancestor Identity, Transference


You were on level 4 of the Dungeon.
You worshipped Hepliaklqana.
Hepliaklqana was most pleased with you.
You visited 1 branch of the dungeon, and saw 4 of its levels.

You collected 132 gold pieces.

Inventory:

Hand Weapons
 a - a +0 hand axe (weapon)
 b - a +0 scythe of venom
Armour
 c - a +1 plate armour (worn)
Jewellery
 d - a +6 ring of strength (left hand)
Wands
 f - a wand of random effects (11)
 k - a wand of paralysis (11)
Scrolls
 g - a scroll of identify
 i - a scroll of random uselessness {unknown}
Potions
 e - 2 potions of curing
 h - a potion of attraction
 j - a potion of mutation {unknown}


   Skills:
 - Level 3.0 Fighting
 + Level 3.4 Axes
 * Level 2.7 Armour
 - Level 2.6 Dodging
 - Level 1.7 Stealth
 * Level 4.2 Invocations
 * Level 3.0 Evocations


You had 5 spell levels left.
You didn't know any spells.
Your spell library was empty.

Dungeon Overview and Level Annotations

Branches:
Dungeon (4/15)
 Temple: D:4-7

Altars:
Hepliaklqana

Annotations:
D:4 Menkaure


Innate Abilities, Weirdness & Mutations

You have a pair of small horns on your head.
Your flesh is heat resistant. (rF+)
You are mostly covered in sharp spines.
Your life essence is reduced to manifest your ancestor. (-10% HP)


Message History

Menkaure barely misses Meat Ghost.
Meat Ghost hits Menkaure but does no damage.
Meat Ghost hits Menkaure but does no damage.
Menkaure hits Meat Ghost.
Meat Ghost points at Menkaure and mumbles some strange words.
Menkaure resists with some effort.
Menkaure hits Meat Ghost!!
Meat Ghost is destroyed!
Unknown command.
You are too injured to fight recklessly!
Menkaure points at you and mumbles some strange words.
Pain shoots through your body!
* * * LOW HITPOINT WARNING * * *
You barely miss Menkaure.
Menkaure is severely damaged.
Menkaure calls on the powers of darkness!
You feel a surge of unholy energy.
You hit Menkaure but do no damage.
Menkaure is severely damaged.
Menkaure is no longer moving slowly.
Menkaure hits you!
You die...

#..........#######....#
#..........#..........#
#....##'####..........#
#... #................#
# #...............(#
#...###....##....#
#...#########....#
#.........>'.....#
#.........@##...##
#...##....M######
######...... .........#
.........# .........#
###.....## #.....#


You could see Menkaure (fast).

Vanquished Creatures
  A hound skeleton (D:4)
  An adder (D:3)
  A white imp (D:2)
  3 oozes
  A worm (D:2)
  A dart slug (D:2)
  3 leopard geckos
  5 giant cockroaches
  9 goblins
  6 hobgoblins
  2 jackals (D:1)
  7 kobolds
  A quokka (D:3)
  3 ball pythons (D:1)
  6 bats (D:1)
  8 frilled lizards
  11 rats
69 creatures vanquished.

Vanquished Creatures (collateral kills)
  Sigmund (D:2)
  A jelly (D:2)
  A worm (D:3)
  A kobold (D:2)
4 creatures vanquished.

Vanquished Creatures (others)
  A hexer (D:4)
1 creature vanquished.

Grand Total: 74 creatures vanquished

Notes
Turn   | Place    | Note
-------+----------+-------------------------------------------
     0 | D:1      | Gadfly the Demonspawn Monk began the quest for the Orb.
     0 | D:1      | Reached XP level 1. HP: 18/18 MP: 1/1
   102 | D:1      | Reached skill level 1 in Invocations
   110 | D:1      | Gained mutation: You are partially covered in sharp spines.
                  | [demonic ancestry]
   110 | D:1      | Reached XP level 2. HP: 20/24 MP: 2/2
   163 | D:1      | Reached skill level 1 in Evocations
   413 | D:1      | Reached skill level 1 in Armour
   420 | D:1      | Reached XP level 3. HP: 29/29 MP: 4/4
   567 | D:1      | Reached skill level 2 in Invocations
  1003 | D:2      | Found a faded altar of an unknown god.
  1043 | D:2      | Became a worshipper of Hepliaklqana the Forgotten
  1043 | D:2      | Reached * piety under Hepliaklqana
  1043 | D:2      | Reached ** piety under Hepliaklqana
  1060 | D:2      | Remembered your ancestor Meat Ghost as a hexer
  1140 | D:2      | Gained mutation: You have a pair of small horns on your
                  | head. [demonic ancestry]
  1140 | D:2      | Reached XP level 4. HP: 7/31 MP: 4/6
  1790 | D:2      | Reached *** piety under Hepliaklqana
  1791 | D:2      | Noticed Sigmund
  1798 | D:2      | Killed Sigmund
  1799 | D:2      | Reached skill level 4 in Invocations
  1799 | D:2      | Gained mutation: You are mostly covered in sharp spines.
                  | [demonic ancestry]
  1799 | D:2      | Reached XP level 5. HP: 26/36 MP: 6/8
  2180 | D:2      | Gained mutation: Your flesh is heat resistant. (rF+)
                  | [demonic ancestry]
  2180 | D:2      | Reached XP level 6. HP: 41/42 MP: 9/9
  2977 | D:4      | Noticed Menkaure
  2991 | D:4      | HP: 1/42 [Menkaure/nerve-wracking pain (8)]
  2993 | D:4      | Mangled by Menkaure

Illustrated notes

Levels and vault maps discovered:
D:1:      dpeg_arrival_arbitrary_b, layout_basic, serial_glass, glass_columns_c,
          glass_columns_a
D:2:      layout_basic, chequers_ecumenical_altar_grove, uniq_sigmund
D:3:      layout_loops_ring
D:4:      layout_gridville, uniq_eustachio, uniq_pikel, uniq_menkaure

Skill      XL: |  1  2  3  4  5  6 |
---------------+-------------------+-----
Invocations    | 1 2 4 |  4.2
Evocations     | 1 2 3 |  3.0
Armour         | 1 2 |  2.7
Axes           | 3 |  3.4
Fighting       | |  3.0
Dodging        | |  2.6
Stealth        | |  1.7

Action                   |  1- 3 |  4- 6 || total
-------------------------+-------+-------++-------
Melee: Hand axe          |    77 |    65 ||   142
       Headbutt          |       |    12 ||    12
Invok: Ancestor Life: He |     1 |       ||     1
       Ancestor Identity |     1 |       ||     1
  Use: Scroll            |     4 |     2 ||     6
       Potion            |     2 |       ||     2
 Stab: Sleeping          |     1 |       ||     1
Armor: Plate armour      |    65 |    22 ||    87
Dodge: Dodged            |    15 |    12 ||    27
